 Dungeon Crawl Stone Soup version 0.25.0-15-gac7dcb8919 (webtiles) character file.

Game seed: 18322137760672070540

570 MaCx the Firebug (level 7, -6/52 HPs)
             Began as a Black Draconian Fire Elementalist on June 29, 2020.
             Was an Initiate of Vehumet.
             Mangled by a hippogriff (7 damage)
             ... on level 5 of the Dungeon.
             The game lasted 00:20:56 (4555 turns).

MaCx the Firebug (DrFE)                             Turns: 4555, Time: 00:20:56

Health: -6/52      AC:  6    Str: 10    XL:     7   Next: 11%
Magic:  9/13       EV: 12    Int: 18    God:    Vehumet [......]
Gold:   191        SH:  0    Dex: 11    Spells: 13/14 levels left

rFire    . . .     SeeInvis .   h - +2 dagger (venom)
rCold    + + .     Gourm    .   (no shield)
rNeg     . . .     Faith    .   (armour unavailable)
rPois    .         Spirit   .   (helmet restricted)
rElec    +         Reflect  .   (no cloak)
rCorr    .         Harm     .   (no gloves)
MR       .....                  (no boots)
Stlth    ++........             (no amulet)
HPRegen  0.17/turn              f - ring of protection from cold
MPRegen  0.13/turn              m - ring of protection from cold

@: lethally poisoned (-6 -> -6)
A: breathe lightning, unfitting armour, electricity resistance, cold-blooded, AC
+6
a: Breathe Lightning, Renounce Religion


You were on level 5 of the Dungeon.
You worshipped Vehumet.
Vehumet was noncommittal.
You were not hungry.

You visited 1 branch of the dungeon, and saw 5 of its levels.

You collected 191 gold pieces.

Inventory:

Hand Weapons
 h - a +2 dagger of venom (weapon)
Missiles
 a - 183 stones (quivered)
 p - a throwing net
Jewellery
 f - a ring of protection from cold (left hand)
 m - a ring of protection from cold (right hand)
Wands
 k - a wand of random effects (9)
Scrolls
 c - 3 scrolls of identify
 d - a scroll of fog
Potions
 e - a potion of brilliance
 i - a potion of ambrosia {unknown}
 j - a potion of berserk rage {unknown}
 l - 2 potions of might {unknown}
 n - 2 potions of stabbing {unknown}
 s - a potion of degeneration {unknown}
Comestibles
 b - 17 rations


   Skills:
 * Level 1.5 Fighting
 - Level 1.7 Dodging
 - Level 1.7 Stealth
 + Level 4.3 Spellcasting
 + Level 4.4 Conjurations
 - Level 5.0 Fire Magic


You had 13 spell levels left.
You knew the following spells:

 Your Spells              Type           Power        Failure   Level  Hunger
a - Foxfire               Conj/Fire      ###.         1%          1    None

Your spell library contained the following spells:

 Spells                   Type           Power        Failure   Level  Hunger
 Magic Dart               Conj           ###.         2%          1    None
 Conjure Flame            Conj/Fire      ###.....     6%          3    ###....
 Inner Flame              Hex/Fire       ##......     16%         3    ###....
 Sticky Flame             Conj/Fire      ###.....     21%         4    ####...
 Blink                    Tloc           N/A          22%         2    ##.....
 Call Imp                 Summ           #.......     22%         2    ##.....
 Slow                     Hex            #.......     22%         2    ##.....
 Mephitic Cloud           Conj/Pois/Air  #.......     24%         3    ###....
 Fireball                 Conj/Fire      ###.......   50%         5    ######.


Dungeon Overview and Level Annotations

Branches:
Dungeon (5/15)             Temple (0/1) D:5

Altars:
Fedhas
Vehumet
Yredelemnul

Annotations:
D:3 exclusion: downstairs
D:4 3 exclusions, Sigmund


Innate Abilities, Weirdness & Mutations

You can breathe wild blasts of lightning.
Your glossy black scales are hard. (AC +6)
You cannot fit into any form of body armour.
You are resistant to electric shocks. (rElec)
You are cold-blooded and may be slowed by cold attacks.


Message History

You feel sick. The ball python bites you.
* * * LOW HITPOINT WARNING * * *
The ball python misses you.
The leopard gecko skeleton completely misses you.
There is a stone staircase leading up here.
The ball python barely misses you. The ball python grabs you.
You stop ascending the stairs.
The ball python constricts you. The leopard gecko skeleton bites you.
* * * LOW HITPOINT WARNING * * *
Unknown command.
You escape the ball python's grasp.
* * * LOW HITPOINT WARNING * * *
You feel sick.
The ball python bites you but does no damage.
The ball python closely misses you.
The leopard gecko skeleton closely misses you.
The hippogriff bites you but does no damage.
The hippogriff pecks you but does no damage.
The hippogriff claws you!
You die...

........###..#.###...
..................†#.
.......##..#.#......
.......##......†##..
#.......#.⌠.#..†.#
#.....#.......#...
#...#...⌠.>.⌠...#.
#.ZrZ.#.......#...
#@SZ....#.⌠.#...#.
##H####.......##..
#.# ..!#.#... .# #.#
#...... # ... ..#.
... .. ....# ##### ..
...


You could see a hippogriff, a river rat, a worker ant zombie, a ball python, a
leopard gecko skeleton and a hound skeleton.

Vanquished Creatures
  2 ogres (D:4)
  A howler monkey (D:5)
  A jelly (D:2)
  An orc wizard (D:4)
  An orc priest (D:4)
  A hound (D:3)
  2 worker ants
  8 adders
  9 oozes
  3 worms (D:2)
  A dart slug (D:1)
  3 leopard geckos
  3 orcs (D:4)
  2 ball pythons
  2 giant cockroaches
  4 goblins
  6 hobgoblins
  12 jackals
  3 bats
  4 frilled lizards
  16 kobolds
  10 rats
95 creatures vanquished.

Vanquished Creatures (others)
  168 foxfires
  5 fungi (D:2)
  A plant (D:1)
  5 toadstools (D:2)
179 creatures vanquished.

Grand Total: 274 creatures vanquished

Notes
Turn   | Place    | Note
-------+----------+-------------------------------------------
     0 | D:1      | MaCx the Draconian Fire Elementalist began the quest for
                  | the Orb.
     0 | D:1      | Reached XP level 1. HP: 14/14 MP: 3/3
   809 | D:1      | Reached XP level 2. HP: 20/20 MP: 0/5
  1172 | D:2      | Reached XP level 3. HP: 26/26 MP: 1/6
  1571 | D:2      | Reached XP level 4. HP: 23/33 MP: 3/8
  1695 | D:2      | Reached skill level 4 in Fire Magic
  2107 | D:2      | Reached XP level 5. HP: 34/38 MP: 4/9
  3357 | D:3      | Found a basalt altar of Yredelemnul.
  3357 | D:3      | Found a blossoming altar of Fedhas.
  3358 | D:3      | Found a radiant altar of Vehumet.
  3384 | D:3      | Became a worshipper of Vehumet
  3847 | D:4      | Reached XP level 6. HP: 45/45 MP: 7/11
  4002 | D:4      | Noticed Sigmund
  4043 | D:4      | Reached skill level 5 in Fire Magic
  4495 | D:5      | Entered Level 5 of the Dungeon
  4523 | D:5      | Found a staircase to the Ecumenical Temple.
  4526 | D:5      | Reached skill level 1 in Fighting
  4526 | D:5      | Your scales start taking on a glossy black colour.
  4526 | D:5      | Reached XP level 7. HP: 52/52 MP: 9/13
  4526 | D:5      | Gained mutation: You are resistant to electric shocks.
                  | (rElec) [Black Draconian growth]
  4531 | D:5      | Noticed a hippogriff
  4554 | D:5      | HP: 2/52 [leopard gecko skeleton (3)]
  4555 | D:5      | Mangled by a hippogriff

Illustrated notes

Levels and vault maps discovered:
D:1:      minmay_arrival_four_houses, layout_loops_ring, st_stairs_7,
          minivault_26, lexackson_kobold_supper
D:2:      cheibrodos_fertilizer, layout_basic, bh_walls_and_bars
D:3:      layout_rooms, gammafunk_temple_overflow_claw, lemuel_flame_loot_1
D:4:      layout_cave_pools, uniq_sigmund
D:5:      layout_rooms, minmay_temple_entry_sparse_star,
          cheibrodos_sewer_entry_sluice, first_ration, minmay_misc_feat_five,
          chequers_serial_rivers_micro_a, minivault_26

Skill      XL: |  1  2  3  4  5  6 |
---------------+-------------------+-----
Conjurations   | 2 3 4 |  4.4
Spellcasting   | 3 4 |  4.3
Fire Magic     | 4 5 |  5.0
Fighting       | 1 |  1.5
Dodging        | |  1.7
Stealth        | |  1.7

Action                   |  1- 3 |  4- 6 |  7- 9 || total
-------------------------+-------+-------+-------++-------
Melee: Short sword       |    67 |       |       ||    67
       Unarmed           |     7 |       |       ||     7
       Tailslap          |    12 |    15 |       ||    27
       Dagger            |    23 |   151 |     5 ||   179
Throw: Stone             |     2 |     3 |       ||     5
 Cast: Foxfire           |    42 |    67 |     4 ||   113
 Abil: Breathe Lightning |       |       |     1 ||     1
  Use: Scroll            |       |     9 |     1 ||    10
 Stab: Sleeping          |       |     1 |       ||     1
  Eat: Chunk             |     2 |     7 |       ||     9
       Ration            |       |     1 |       ||     1
Armor: Skin              |    17 |    42 |     9 ||    68
Dodge: Dodged            |    45 |   106 |    16 ||   167
